 Dungeon Crawl Stone Soup version 0.31-a0-231-g51bb95cda3 (webtiles) character file.

Game seed: 15096403118723057059

91 qw the Shooter (level 4, -2/26 HPs)
             Began as a Gargoyle Hexslinger on July 6, 2023.
             Slain by an orc wizard
             ... wielding a +0 dagger
              (4 damage)
             ... on level 3 of the Dungeon.
             The game lasted 00:00:55 (2174 turns).

qw the Shooter (Gargoyle Hexslinger)                Turns: 2174, Time: 00:00:56

Health: -2/26      AC:  7    Str: 15    XL:     4   Next: 59%
Magic:  5/5        EV: 11    Int: 13    God:
Gold:   48         SH:  0    Dex: 14    Spells: 4/5 levels left

rFire   . . .        Y - +1 sling
rCold   . . .        (no shield)
rNeg    + . .        e - +0 leather armour
rPois   inf          (no helmet)
rElec   +            (no cloak)
rCorr   .            c - +0 pair of gloves {Str+3}
SInv    .            (no boots)
Will    .....        (no amulet)
Stlth   +            (no ring)
HPRegen 0.24/turn    (no ring)
MPRegen 0.09/turn

%: no passive effects
@: no status effects
A: sickness immunity, AC +3, negative energy resistance 1, electricity
resistance, torment resistance 1, petrification resistance
a: no special abilities


You were on level 3 of the Dungeon.
You visited 1 branch of the dungeon, and saw 3 of its levels.

You collected 48 gold pieces.


Innate Abilities, Weirdness & Mutations

You are immune to sickness and miasma.
Your stone body is resilient. (AC +3)
You are immune to poison.
You resist negative energy. (rN+)
You are resistant to electric shocks. (rElec)
You are resistant to unholy torment.
You are immune to petrification.


   Skills:
 - Level 2.0 Fighting
 + Level 4.3 Ranged Weapons
 - Level 1.5 Dodging
 - Level 1.0 Spellcasting
 - Level 2.6 Hexes


You had 4 spell levels left.
You knew the following spells:

 Your Spells              Type           Power      Damage    Failure   Level
a - Slow                  Hex            28%        N/A       12%         1

Your spell library contained the following spells:

 Spells                   Type           Power      Damage    Failure   Level
 Inner Flame              Hex/Fire       4%         N/A       52%         3
 Portal Projectile        Hex/Tloc       8%         N/A       52%         3
 Cause Fear               Hex            3%         N/A       75%         4

Inventory:

Hand Weapons
 Y - a +1 sling (weapon)
Armour
 c - a +0 pair of gloves of strength (worn)
 e - a +0 leather armour (worn)
Jewellery
 b - a ring of resist corrosion
 f - a ring of fire
Potions
 a - a potion of mutation {unknown}
 d - a potion of heal wounds {unknown}
 h - a potion of curing

Dungeon Overview and Level Annotations

Branches:
Dungeon (3/15)

Altars:
Cheibriados

Shops:
D:2 !


Message History

The orc misses you.
You shoot a sling bullet. The sling bullet hits the orc wizard.
The orc wizard is moderately wounded.
The orc hits you with a +0 whip of flaming.
The orc burns you.
The orc wizard gestures wildly while chanting.
The orc wizard flickers and vanishes!
Deactivating autopickup; reactivate with Ctrl-A.
You shoot a sling bullet.
The sling bullet completely misses the orc.
The orc hits you but does no damage. Something hits you but does no damage.
You shoot a sling bullet. The sling bullet barely misses the orc.
The orc hits you but does no damage. Something hits you but does no damage.
You shoot a sling bullet.
The sling bullet closely misses the orc.
The orc closely misses you. Something hits you but does no damage.
You shoot a sling bullet. The sling bullet hits the orc.
The orc is heavily wounded.
The orc barely misses you.
Something hits you but does no damage. x2
The orc hits you but does no damage.
You shoot a sling bullet. The sling bullet hits the orc.
The orc is almost dead.
The orc hits you with a +0 whip of flaming.
The orc burns you. Something hits you but does no damage.
You shoot a sling bullet. The sling bullet hits the orc.
You kill the orc!
Something hits you.
You shoot a sling bullet. Something hits you.
You shoot a sling bullet. Something hits you but does no damage.
You shoot a sling bullet. Something hits you.
You hear some strange, mumbled words.
Something tries to affect you, but you resist.
You shoot a sling bullet. Something hits you.
You shoot a sling bullet. Something hits you.
You die...

.. #. .. # #. ..# #)
###### ##
>...##.##.... ..#
......){..# ##.##
).$...)@..####...##
###.##.#....#.....##
#.#.._.......)#
#....)........#
........#.......#
#........##......#
#..#....###....#.#
#..#.#.###.#..##.#
$....## ##.####.###


There were no monsters in sight!

Vanquished Creatures
  Natasha (D:2)
  An adder (D:3)
  3 orcs (D:3)
  6 endoplasms
  9 giant cockroaches
  5 goblins
  A hobgoblin (D:2)
  2 jackals (D:1)
  2 quokkas (D:2)
  4 ball pythons
  3 bats (D:2)
  A frilled lizard (D:1)
  5 kobolds
  7 rats
50 creatures vanquished.

Notes
Turn   | Place    | Note
-------+----------+-------------------------------------------
     0 | D:1      | qw the Gargoyle Hexslinger began the quest for the Orb.
     0 | D:1      | Reached XP level 1. HP: 12/12 MP: 2/2
     0 | D:1      | 0 ||| qw: Version: 0.3-a-46-gb1f654a
     0 | D:1      | 0 ||| qw: Game counter: 1876
     0 | D:1      | 0 ||| qw: Melee chars always use a shield: true
     0 | D:1      | 0 ||| qw: God list: Okawaru
     0 | D:1      | 0 ||| qw: Allow faded altars: false
     0 | D:1      | 0 ||| qw: Do Orc after clearing Dungeon:15 true
     0 | D:1      | 0 ||| qw: Do second Lair branch before Depths: true
     0 | D:1      | 0 ||| qw: Lair rune preference: random
     0 | D:1      | 0 ||| qw: Goals: Normal
     0 | D:1      | 0 ||| PLANNING D:1-11
   237 | D:1      | Reached XP level 2. HP: 16/16 MP: 3/3
   549 | D:1      | Reached skill level 3 in Ranged Weapons
   590 | D:1      | HP: 4/16 [jackal (3)]
   723 | D:1      | 723 ||| READING scroll labelled KEUHO SYEN.
   724 | D:1      | 724 ||| READING scroll labelled BOUJAE QYONK.
   725 | D:1      | 725 ||| DRINKING 2 sapphire potions.
   731 | D:1      | 731 ||| DROPPING scroll of poison.
   732 | D:1      | 732 ||| DROPPING potion of ambrosia.
   825 | D:2      | Found Oxytser's Distillery.
   828 | D:2      | 828 ||| SHOPLISTING potion of curing (33 gold, have 5).
   828 | D:2      | 828 ||| SHOPLISTING potion of haste (110 gold, have 5).
   828 | D:2      | 828 ||| SHOPLISTING potion of heal wounds (55 gold, have
                  | 5).
   828 | D:2      | 828 ||| SHOPLISTING potion of mutation (88 gold, have 5).
  1071 | D:2      | Reached XP level 3. HP: 21/21 MP: 4/4
  1257 | D:2      | Noticed Natasha
  1259 | D:2      | 1259 ||| FLEEEEING.
  1269 | D:2      | 1269 ||| FLEEEEING.
  1270 | D:2      | 1270 ||| FLEEEEING.
  1271 | D:2      | 1271 ||| FLEEEEING.
  1272 | D:2      | 1272 ||| FLEEEEING.
  1275 | D:2      | 1275 ||| FLEEEEING.
  1276 | D:2      | 1276 ||| FLEEEEING.
  1277 | D:2      | 1277 ||| FLEEEEING.
  1278 | D:2      | 1278 ||| FLEEEEING.
  1279 | D:2      | 1279 ||| FLEEEEING.
  1282 | D:2      | 1282 ||| FLEEEEING.
  1283 | D:2      | 1283 ||| FLEEEEING.
  1285 | D:2      | 1285 ||| FLEEEEING.
  1286 | D:2      | 1286 ||| FLEEEEING.
  1291 | D:2      | 1291 ||| FLEEEEING.
  1292 | D:2      | 1292 ||| FLEEEEING.
  1297 | D:2      | 1297 ||| STAIRDANCE
  1329 | D:1      | 1329 ||| UPGRADING to +0 leather armour.
  1339 | D:1      | 1339 ||| DROPPING +0 robe.
  1340 | D:1      | 1340 ||| READING 3 scrolls labelled EFINTI COROI.
  1341 | D:1      | 1341 ||| READING 2 scrolls labelled LIUT ZIAV OSE.
  1345 | D:1      | 1345 ||| READING scroll labelled YLALUO YLARA.
  1345 | D:1      | Identified a scroll of acquirement
  1345 | D:1      | 1345 ||| ACQUIRING +0 pair of gloves of strength
  1345 | D:1      | Acquired a +0 pair of gloves of strength
  1347 | D:1      | 1347 ||| UPGRADING to +0 pair of gloves of strength.
  1352 | D:1      | 1352 ||| READING scroll labelled ITOMEOGIED.
  1353 | D:1      | 1353 ||| DROPPING 2 scrolls of blinking.
  1593 | D:2      | 1593 ||| FLEEEEING.
  1594 | D:2      | 1594 ||| READING scroll of teleportation.
  1595 | D:2      | 1595 ||| FLEEEEING.
  1596 | D:2      | 1596 ||| FLEEEEING.
  1597 | D:2      | 1597 ||| FLEEEEING.
  1598 | D:2      | 1598 ||| FLEEEEING.
  1599 | D:2      | 1599 ||| FLEEEEING.
  1600 | D:2      | 1600 ||| FLEEEEING.
  1713 | D:2      | Killed Natasha
  1912 | D:2      | Reached XP level 4. HP: 26/26 MP: 5/5
  1944 | D:2      | Reached skill level 4 in Ranged Weapons
  1962 | D:2      | 1962 ||| DRINKING 2 golden potions.
  2086 | D:3      | Found a snail-covered altar of Cheibriados.
  2163 | D:3      | HP: 6/26 [orc/+0 whip of flaming (1)]
  2168 | D:3      | HP: 6/26 [orc/+0 whip of flaming (1)]
  2170 | D:3      | HP: 2/26 [something (3)]
  2174 | D:3      | Slain by an orc wizard

Levels and vault maps discovered:
D:1:      dpeg_arrival_short_road, layout_basic
D:2:      minmay_roachtagon, layout_loops_corners, serial_shops, shop_statue,
          uniq_natasha
D:3:      layout_loops_ring, cheibriados_altar_1,
          pdpol_wu_jian_five_deadly_venoms, cheibrodos_gnoll_hut,
          uniq_crazy_yiuf_cottage

Skill      XL: |  1  2  3  4 |
---------------+-------------+-----
Ranged Weapons | 3 4 |  4.3
Fighting       | 2 |  2.0
Dodging        | |  1.5
Spellcasting   | |  1.0
Hexes          | |  2.6

Action                     |  1- 3 |  4- 6 || total
---------------------------+-------+-------++-------
   Fire: Sling             |   108 |    89 ||   197
    Use: Scroll            |     7 |       ||     7
         Potion            |     1 |     1 ||     2
 Armour: Robe              |    15 |       ||    15
         Leather armour    |     2 |    35 ||    37
  Dodge: Dodged            |    29 |    23 ||    52

Table legend:
 A = Non-vault XP
 B = Vault XP
 C = Vault XP percentage of total XP
 D = Non-vault monster count
 E = Vault monster count
 F = Vault count percentage of total count
                 A         B        C        D         E       F
            +---------+---------+-------+---------+---------+-------
      Total |      80 |      51 |  38.9 |      41 |       9 |  18.0
            +---------+---------+-------+---------+---------+-------
        D:1 |      26 |       0 |   0.0 |      18 |       0 |   0.0
        D:2 |      22 |      51 |  69.9 |      13 |       9 |  40.9
        D:3 |      32 |       0 |   0.0 |      10 |       0 |   0.0
            +---------+---------+-------+---------+---------+-------
